 Dungeon Crawl Stone Soup version 0.28.0-45-g0d030f2227 (webtiles) character file.

Game seed: 7357249871497288797

36880 MisterFreud the Covert (level 13, -2/111 HPs)
             Began as a Gnoll Delver on Apr 13, 2022.
             Was a High Priest of Ashenzari.
             Succumbed to a black mamba's poison
             ... on level 5 of the Lair of Beasts.
             The game lasted 00:37:25 (25458 turns).

MisterFreud the Covert (Gnoll Delver)              Turns: 25458, Time: 00:37:26

Health: -2/111     AC: 17    Str: 11    XL:     13   Next: 93%
Magic:  6/28       EV: 13    Int: 16    God:    Ashenzari [*****.]
Gold:   308        SH:  0    Dex: 13    Spells: 32/34 levels left

rFire   . . .      SeeInvis +   B - +2 quarterstaff "I Knew You'd Do That" {chaos, Comp, Fort} (curse)
rCold   . . .      Faith    .   (shield currently unavailable)
rNeg    . . .      Spirit   +   P - +4 scale mail "Perceptive Omen" {+Blink, Cun, Bglg} (curse)
rPois   .          Reflect  .   r - +0 helmet of Ashenzari's Activism {Melee, Self} (curse)
rElec   +          Harm     .   C - +0 cloak "Share My Restlessness" {Bglg, Elem} (curse)
rCorr   +          Rampage  .   y - +0 pair of gloves "Astrological Paranoia" {Comp, Melee} (curse)
Will    .....      Clarity  +   (no boots)
Stlth   ++++......              X - amulet "Vaidyp" {Spirit rElec Slay+2}
HPRegen 0.28/turn               q - ring "Share My Repose" {Wiz, Elem, Evo} (curse)
MPRegen 0.21/turn               b - ring "Cosmic Fetters" {rCorr, Melee, Fort} (curse)

@: lethally poisoned (-2 -> -29)
A: fangs 1, strong nose, distributed training
a: Renounce Religion, Evoke Blink, Shatter the Chains


You were on level 5 of the Lair of Beasts.
You worshipped Ashenzari.
Ashenzari was extremely pleased with you.
You visited 2 branches of the dungeon, and saw 16 of its levels.

You collected 1738 gold pieces.
You spent 1430 gold pieces at shops.

Inventory:

Hand Weapons
 B - the cursed +2 quarterstaff "I Knew You'd Do That" (weapon) {chaos, Comp, Fort}
   (You took it off Crazy Yiuf on level 3 of the Dungeon)

   Each time it hits an enemy it has a different, random effect.
   It has a curse which improves the following skills: Companions: Summonings
   and Necromancy.
   Fortitude: Armour and Shields.
 O - a +3 morningstar
 W - a +6 broad axe
Missiles
 p - 13 poisoned darts (quivered)
 A - 2 throwing nets
 L - 6 datura-tipped darts
 R - 7 boomerangs
 V - 5 javelins
Armour
 r - the cursed +0 helmet of Ashenzari's Activism (worn) {Melee, Self}
   (You found it on level 1 of the Dungeon)

   It has a curse which improves the following skills: Melee Combat: Short
   Blades, Long Blades, Axes, Maces & Flails, Polearms, Staves and Unarmed
   Combat.
   Introspection: Fighting and Spellcasting.
 w - a +2 buckler
 y - the cursed +0 pair of gloves "Astrological Paranoia" (worn) {Comp, Melee}
   (You found it on level 3 of the Dungeon)

   It has a curse which improves the following skills: Companions: Summonings
   and Necromancy.
   Melee Combat: Short Blades, Long Blades, Axes, Maces & Flails, Polearms,
   Staves and Unarmed Combat.
 C - the cursed +0 cloak "Share My Restlessness" (worn) {Bglg, Elem}
   (You took it off Crazy Yiuf on level 3 of the Dungeon)

   It has a curse which improves the following skills: Beguiling: Conjurations,
   Hexes and Translocations.
   Elements:  Fire Magic, Ice Magic, Air Magic and Earth Magic.
 J - an orb of energy
 P - the cursed +4 scale mail "Perceptive Omen" (worn) {+Blink, Cun, Bglg}
   (You bought it in a shop on level 1 of the Dungeon)

   +Blink:    It lets you blink.
   It has a curse which improves the following skills: Cunning: Dodging and
   Stealth.
   Beguiling: Conjurations, Hexes and Translocations.
Jewellery
 b - the cursed ring "Cosmic Fetters" (right hand) {rCorr, Melee, Fort}
   (You found it on level 8 of the Dungeon)

   [ring of resist corrosion]

   rCorr:     It protects you from acid and corrosion.
   It has a curse which improves the following skills: Melee Combat: Short
   Blades, Long Blades, Axes, Maces & Flails, Polearms, Staves and Unarmed
   Combat.
   Fortitude: Armour and Shields.
 h - a ring of protection from fire
 q - the cursed ring "Share My Repose" (left hand) {Wiz, Elem, Evo}
   (You found it on level 6 of the Dungeon)

   [ring of wizardry]

   It improves your spell success rate.
   It has a curse which improves the following skills: Elements: Fire Magic, Ice
   Magic, Air Magic and Earth Magic.
   Evocations: Evocations.
 S - a ring of magical power
 X - the amulet "Vaidyp" (around neck) {Spirit rElec Slay+2}
   (You found it on level 10 of the Dungeon)

   [amulet of guardian spirit]

   It causes incoming damage to be divided between your reserves of health and
   magic.
   Slay:      It affects your accuracy & damage with ranged weapons and melee
   (+2).
   rElec:     It insulates you from electricity.
Wands
 g - a wand of digging (3)
 j - a wand of flame (32)
 v - a wand of polymorph (11)
 T - a wand of paralysis (2)
 U - a wand of acid (8)
 Y - a wand of iceblast (5)
Scrolls
 c - 3 scrolls of fog
 d - 3 scrolls of magic mapping
 k - 2 scrolls of enchant armour
 m - 2 scrolls of amnesia
 n - 3 scrolls of silence
 E - a scroll of summoning
 G - 7 scrolls of teleportation
 H - 2 scrolls of enchant weapon
 K - a scroll of blinking
Potions
 a - a potion of magic
 f - 4 potions of haste
 i - 2 potions of brilliance
 l - 3 potions of might
 o - 2 potions of attraction
 s - 3 potions of mutation
 t - a potion of resistance
 u - a potion of flight
 x - a potion of cancellation
 I - 4 potions of invisibility
 M - 3 potions of lignification
 Q - 10 potions of ambrosia
Miscellaneous
 F - a phantom mirror (inert)


   Skills:
 + Level 10.9(13.2) Fighting
 + Level 9.9(14.4) Short Blades
 + Level 8.7(13.2) Long Blades
 + Level 8.7(13.2) Axes
 + Level 8.7(13.2) Maces & Flails
 + Level 8.7(13.2) Polearms
 + Level 8.7(13.2) Staves
 + Level 8.7 Slings
 + Level 8.7 Bows
 + Level 8.7 Crossbows
 + Level 8.7 Throwing
 + Level 8.7(12.2) Armour
 + Level 9.9(12.2) Dodging
 + Level 12.8(15.0) Stealth
 + Level 8.7(12.2) Shields
 + Level 8.7(13.2) Unarmed Combat
 + Level 8.7(11.1) Spellcasting
 + Level 7.2(10.7) Conjurations
 + Level 7.2(10.7) Hexes
 + Level 7.2(10.7) Summonings
 + Level 7.2(10.7) Necromancy
 + Level 7.2(10.7) Translocations
 + Level 7.2 Transmutations
 + Level 7.2(10.7) Fire Magic
 + Level 7.2(10.7) Ice Magic
 + Level 7.2(10.7) Air Magic
 + Level 7.2(10.7) Earth Magic
 + Level 7.2 Poison Magic
 + Level 9.5 Invocations
 + Level 8.7(11.1) Evocations


You had 32 spell levels left.
You knew the following spells:

 Your Spells              Type           Power      Damage    Failure   Level
a - Blink                 Tloc           86%        N/A       1%          2

Your spell library contained the following spells:

 Spells                   Type           Power      Damage    Failure   Level
 Beastly Appendage        Tmut           64%        N/A       1%          1
 Corpse Rot               Necr/Air       86%        N/A       1%          2
 Poisonous Vapours        Pois/Air       74%        N/A       1%          2
 Wereblood                Tmut           32%        N/A       1%          2
 Gell's Gravitas          Tloc           43%        N/A       1%          3
 Lesser Beckoning         Tloc           43%        N/A       1%          3
 Spider Form              Tmut/Pois      32%        N/A       1%          3
 Stone Arrow              Conj/Erth      86%        3d12      1%          3
 Teleport Other           Tloc           43%        N/A       1%          3
 Animate Armour           Summ/Erth      86%        N/A       1%          4
 Cause Fear               Hex            21%        N/A       1%          4
 Manifold Assault         Tloc           43%        N/A       4%          5
 Dispersal                Tloc           21%        N/A       22%         6
 Dragon Form              Tmut           16%        N/A       99%         7
 Lehudib's Crystal Spear  Conj/Erth      21%        10d6      100%        8
 Dragon's Call            Summ           21%        N/A       100%        9


Dungeon Overview and Level Annotations

Branches:
Dungeon (10/15)            Temple (0/1) D:4            Lair (6/6) D:10
  Swamp (0/4) Lair:3        Snake (0/4) Lair:2
  Slime: Lair:5-6       Orc: D:9-12

Altars:
Ashenzari
Gozag
Ru

Shops:
D:1 [   D:6 !

Annotations:
D:5 3 runed translucent doors, fgae53's ghost, novice MiBe


Innate Abilities, Weirdness & Mutations

You have very sharp teeth.
Your uncanny sense of smell can sniff out nearby items.
Your experience applies equally to all skills.


Message History

The black mamba closely misses you. The black mamba barely misses you.
You sock the black mamba! Your bite misses the black mamba.
The black mamba is almost dead.
You feel very sick. The black mamba bites you. The black mamba bites you!!
* * * LOW HITPOINT WARNING * * *
Unknown command.
You hit the black mamba. You bite the black mamba.
The black mamba is almost dead.
* * * LOW HITPOINT WARNING * * *
You feel very sick. The black mamba bites you.
* * * LOW HITPOINT WARNING * * *
You are more poisoned.
The black mamba poisons you!
The black mamba bites you but does no damage.
Unknown command.
You feel much better.
You feel extremely sick. The black mamba bites you! The black mamba misses you.
The black mamba bites you!
* * * LOW HITPOINT WARNING * * *
You are more poisoned.
The black mamba poisons you!
Unknown command.
Unknown command.
You hit the black mamba. Your bite misses the black mamba.
The black mamba is almost dead.
* * * LOW HITPOINT WARNING * * *
You feel extremely sick. The black mamba closely misses you.
You hit the black mamba. You freeze the black mamba.
You kill the black mamba!
* * * LOW HITPOINT WARNING * * *
You feel very sick.
Unknown command.
* * * LOW HITPOINT WARNING * * *
You feel extremely sick.
You climb upwards.
You die...

..................####
..................####
..................####
.................#.###
#.........###.#...####
#P......#.######รท#####
##.....#..P.#.#...####
#............###..###
##.......#.....#@.##
##...?...........###
##..........#P.P.####
.......#######.P.####
.......P.#.#####.####
..................####
...................###
..................####
...................###


There were no monsters in sight!

Vanquished Creatures
  The ghost of Ceyroiss the Quickloader, a journeyman HuWn of Dithmenos (Lair:4)
  A boulder beetle (Lair:2)
  4 hydras
  2 two-headed ogres (D:10)
  A death yak (Lair:6)
  Urug (D:10)
  A lindwurm (Lair:4)
  Joseph (D:10)
  4 elephants (Lair:3)
  6 black mambas
  Maggie (D:10)
  12 cane toads
  4 rime drakes
  7 komodo dragons
  A komodo dragon (shapeshifter) (Lair:5)
  A merfolk (shapeshifter) (Lair:3)
  2 queen bees
  3 trolls
  Grinder (D:4)
  6 dream sheep (Lair:4)
  21 blink frogs
  A meliai zombie (D:10)
  A shadow (D:10)
  31 yaks
  5 wyverns
  Eustachio (D:4)
  A yak (shapeshifter) (Lair:2)
  2 steam dragons
  16 water moccasins
  An orc warrior (D:10)
  A black bear (Lair:1)
  An ogre (D:6)
  5 wolves (Lair:3)
  6 centaurs
  A kobold brigand (D:7)
  2 gnoll sergeants
  4 scorpions
  11 bullfrogs
  3 water moccasin zombies
  A wyvern skeleton (D:6)
  25 killer bees (D:9)
  5 wights (D:8)
  An electric eel (Lair:2)
  A bullfrog zombie (D:5)
  2 centaur zombies
  5 hounds
  4 jellies
  Crazy Yiuf (D:3)
  6 orc priests
  A gnoll shaman (D:6)
  A bullfrog skeleton (D:4)
  An iguana (D:5)
  6 orc wizards
  2 hound skeletons (D:5)
  17 gnolls
  8 adders
  A white imp (D:7)
  2 adder skeletons (D:4)
  2 worms
  2 dart slugs
  25 orcs
  3 ball pythons
  6 bats
  9 endoplasms
  7 giant cockroaches
  4 goblins
  7 hobgoblins
  10 jackals
  7 quokkas
  2 frilled lizards
  14 kobolds
  7 rats
369 creatures vanquished.

Vanquished Creatures (collateral kills)
  A fire crab (Lair:4)
1 creature vanquished.

Vanquished Creatures (others)
  A bush (D:10)
  3 butterflies (Lair:2)
  29 fungi
  44 plants
77 creatures vanquished.

Grand Total: 447 creatures vanquished

Notes
Turn   | Place    | Note
-------+----------+-------------------------------------------
     0 | D:5      | Reached skill level 9 in Stealth
     0 | D:5      | MisterFreud the Gnoll Delver began the quest for the Orb.
     0 | D:5      | Reached XP level 1. HP: 23/23 MP: 1/1
    24 | D:5      | Found a runed translucent gate.
    25 | D:5      | Found a runed translucent gate.
    26 | D:5      | Found an opulent altar of Gozag.
    57 | D:5      | Noticed a hound
    74 | D:5      | Killed a hound
    75 | D:5      | Reached XP level 2. HP: 20/29 MP: 2/2
    75 | D:5      | Reached XP level 3. HP: 24/35 MP: 3/3
   193 | D:5      | Reached skill level 1 in Invocations
   206 | D:5      | Found a runed translucent gate.
   208 | D:5      | Noticed fgae53's ghost (novice MiBe)
   209 | D:5      | Noticed a yak
   238 | D:4      | Noticed Eustachio
   475 | D:4      | Reached skill level 1 in Long Blades
   475 | D:4      | Reached skill level 1 in Axes
   475 | D:4      | Reached skill level 1 in Maces & Flails
   475 | D:4      | Reached skill level 1 in Polearms
   475 | D:4      | Reached skill level 1 in Staves
   475 | D:4      | Reached skill level 1 in Slings
   475 | D:4      | Reached skill level 1 in Bows
   475 | D:4      | Reached skill level 1 in Crossbows
   475 | D:4      | Reached skill level 1 in Throwing
   475 | D:4      | Reached skill level 1 in Armour
   475 | D:4      | Reached skill level 1 in Shields
   475 | D:4      | Reached skill level 1 in Unarmed Combat
   475 | D:4      | Reached skill level 1 in Spellcasting
   475 | D:4      | Reached skill level 1 in Evocations
   475 | D:4      | Reached XP level 4. HP: 24/41 MP: 5/5
   819 | D:2      | Reached skill level 1 in Conjurations
   819 | D:2      | Reached skill level 1 in Hexes
   819 | D:2      | Reached skill level 1 in Summonings
   819 | D:2      | Reached skill level 1 in Necromancy
   819 | D:2      | Reached skill level 1 in Translocations
   819 | D:2      | Reached skill level 1 in Transmutations
   819 | D:2      | Reached skill level 1 in Fire Magic
   819 | D:2      | Reached skill level 1 in Ice Magic
   819 | D:2      | Reached skill level 1 in Air Magic
   819 | D:2      | Reached skill level 1 in Earth Magic
   819 | D:2      | Reached skill level 1 in Poison Magic
  1120 | D:1      | Found Doxecuck's Antique Armour Shop.
  1283 | D:1      | Reached XP level 5. HP: 33/46 MP: 6/6
  1542 | D:1      | Found a faded altar of an unknown god.
  1593 | D:1      | Prayed at the altar of an unknown god.
  1593 | D:1      | Became a worshipper of Ashenzari the Shackled
  2357 | D:3      | Reached * piety under Ashenzari
  3423 | D:3      | Found a runed translucent door.
  3424 | D:3      | Noticed Crazy Yiuf
  3433 | D:3      | Killed Crazy Yiuf
  3434 | D:3      | Reached XP level 6. HP: 47/53 MP: 8/8
  3698 | D:4      | Reached ** piety under Ashenzari
  3907 | D:4      | Found a staircase to the Ecumenical Temple.
  3918 | D:4      | Killed Eustachio
  3919 | D:4      | Reached skill level 5 in Short Blades
  3919 | D:4      | Reached skill level 5 in Dodging
  4117 | D:4      | Reached XP level 7. HP: 59/59 MP: 10/10
  4278 | D:4      | Noticed Grinder
  4285 | D:4      | Killed Grinder
  4721 | D:5      | Reached skill level 10 in Stealth
  4998 | D:5      | Reached XP level 8. HP: 56/67 MP: 9/12
  5799 | D:6      | Reached *** piety under Ashenzari
  6125 | D:6      | Learned a level 2 spell: Blink
  6356 | D:7      | Found a sacrificial altar of Ru.
  6990 | D:7      | Reached **** piety under Ashenzari
  7317 | D:6      | Reached XP level 9. HP: 73/73 MP: 14/14
  7939 | D:6      | Found Voudaadi's Distillery.
  7944 | D:6      | Bought a potion of heal wounds for 55 gold pieces
  7944 | D:6      | Bought a potion of heal wounds for 55 gold pieces
  7944 | D:6      | Bought a potion of lignification for 33 gold pieces
  8187 | D:8      | Identified a scroll of acquirement
  8392 | D:8      | Acquired 760 gold pieces
  8592 | D:1      | Bought the +3 robe of Clouds {*Thunder rCloud rElec} for
                  | 801 gold pieces
  8592 | D:1      | Found the +3 robe of Clouds {*Thunder rCloud rElec}
  9491 | D:8      | Noticed a komodo dragon
  9498 | D:8      | Killed a komodo dragon
  9499 | D:8      | Reached skill level 5 in Invocations
 10020 | D:9      | Reached XP level 10. HP: 68/85 MP: 18/20
 10050 | D:9      | Reached skill level 5 in Long Blades
 10050 | D:9      | Reached skill level 5 in Axes
 10050 | D:9      | Reached skill level 5 in Maces & Flails
 10050 | D:9      | Reached skill level 5 in Polearms
 10050 | D:9      | Reached skill level 5 in Staves
 10050 | D:9      | Reached skill level 5 in Slings
 10050 | D:9      | Reached skill level 5 in Bows
 10050 | D:9      | Reached skill level 5 in Crossbows
 10050 | D:9      | Reached skill level 5 in Throwing
 10050 | D:9      | Reached skill level 5 in Armour
 10050 | D:9      | Reached skill level 5 in Shields
 10050 | D:9      | Reached skill level 5 in Unarmed Combat
 10050 | D:9      | Reached skill level 5 in Spellcasting
 10050 | D:9      | Reached skill level 5 in Evocations
 10809 | D:9      | Reached skill level 11 in Stealth
 11423 | D:10     | Entered Level 10 of the Dungeon
 11446 | D:10     | Noticed a two-headed ogre
 11463 | D:10     | Killed a two-headed ogre
 11650 | D:10     | Found a staircase to the Lair.
 11858 | D:9      | Reached XP level 11. HP: 92/92 MP: 22/22
 11974 | D:10     | Noticed Maggie
 11994 | D:10     | Killed Maggie
 12111 | D:10     | Noticed Urug
 12135 | D:10     | Killed Urug
 12136 | D:10     | Reached skill level 5 in Conjurations
 12136 | D:10     | Reached skill level 5 in Hexes
 12136 | D:10     | Reached skill level 5 in Summonings
 12136 | D:10     | Reached skill level 5 in Necromancy
 12136 | D:10     | Reached skill level 5 in Translocations
 12136 | D:10     | Reached skill level 5 in Transmutations
 12136 | D:10     | Reached skill level 5 in Fire Magic
 12136 | D:10     | Reached skill level 5 in Ice Magic
 12136 | D:10     | Reached skill level 5 in Air Magic
 12136 | D:10     | Reached skill level 5 in Earth Magic
 12136 | D:10     | Reached skill level 5 in Poison Magic
 12691 | D:10     | Noticed a two-headed ogre
 12697 | D:10     | Killed a two-headed ogre
 12789 | D:10     | Identified the amulet "Vaidyp" {Spirit rElec Slay+2}
 13280 | D:10     | Noticed Joseph
 13297 | D:10     | Killed Joseph
 13405 | Lair:1   | Entered Level 1 of the Lair of Beasts
 13620 | Lair:1   | Reached ***** piety under Ashenzari
 15326 | Lair:2   | Found a staircase to the Snake Pit.
 15347 | Lair:2   | Reached XP level 12. HP: 45/102 MP: 18/25
 16334 | Lair:2   | Noticed a boulder beetle
 16364 | Lair:2   | Killed a boulder beetle
 16709 | Lair:2   | Noticed a seven-headed hydra
 17367 | Lair:3   | Reached skill level 12 in Stealth
 17436 | Lair:3   | Reached skill level 10 in Fighting
 17747 | Lair:3   | Found a staircase to the Swamp.
 18161 | Lair:3   | Noticed a five-headed hydra
 18199 | Lair:2   | Killed a seven-headed hydra
 18907 | Lair:4   | Reached XP level 13. HP: 38/109 MP: 13/27
 19696 | Lair:4   | Found a runed translucent door.
 19696 | Lair:4   | Noticed Ceyroiss's ghost (journeyman HuWn)
 21032 | Lair:4   | Killed Ceyroiss's ghost
 22816 | D:1      | Bought a jade-encrusted scale mail for 243 gold pieces
 22816 | D:1      | Identified the +2 scale mail of Divine Intervention {Str-3
                  | Dex+7 SInv} (You bought it in a shop on level 1 of the
                  | Dungeon)
 22816 | D:1      | Bought a shimmering scale mail for 243 gold pieces
 22816 | D:1      | Identified the +4 scale mail of the Jolly Continents
                  | {+Blink} (You bought it in a shop on level 1 of the
                  | Dungeon)
 24240 | Lair:6   | Entered Level 6 of the Lair of Beasts
 24338 | Lair:6   | HP: 2/111 [eight-headed hydra (5)]
 24941 | Lair:6   | Identified the amulet "Zyhuuteo" {Spirit -Tele Str+6}
 25458 | Lair:5   | Succumbed to a black mamba's poison

Illustrated notes

Levels and vault maps discovered:
D:1:      ebering_trefoil_3fold, layout_basic,
          hellmonk_ecumenical_altar_leap_of_faith, serial_shops,
          nicolae_shop_hallway_plus, minmay_heptomino_l4
D:2:      layout_rooms, mrwooster_statue_mirror, minmay_misc_feat_diagonals
D:3:      layout_basic, uniq_crazy_yiuf_cottage
D:4:      cheibrodos_quashed, layout_basic, minmay_temple_entry_tees,
          minmay_stone_trees_small, grunt_decor_clamped, kennysheep_nondescript,
          dk_noncrumbling_3, roderic_three_in_a_row, uniq_eustachio,
          uniq_grinder
D:5:      layout_gridville, ebering_ghost_gozag, minivault_19
D:6:      layout_rooms, serial_shops, nicolae_square_shop
D:7:      layout_loops_ring, hangedman_ru_absence, abandoned_shop,
          minmay_misc_feat_chi
D:8:      layout_basic
D:9:      layout_roguey [special_room_bee]
D:10:     layout_grid_maze, minmay_lair_entry_grove, uniq_joseph, uniq_urug,
          uniq_maggie
Lair:1:   layout_regular_city, grunt_megastairs_4
Lair:2:   layout_regular_city, minmay_snake_entry_six_corridors,
          fungi_pond_lemuel, lemuel_old_faithful, lemuel_fruit_fields
Lair:3:   beast_lair_carwin_large_1, layout_regular_city,
          minmay_swamp_entry_worms, grunt_megastairs_3
Lair:4:   layout_regular_city, gammafunk_ghost_grave, beast_lair_carwin_3,
          infiniplex_staircase_pool_2
Lair:5:   layout_regular_city
Lair:6:   guppyfry_lair_end_dragon, layout_loops_ring,
          hangedman_lair_caniforms_friends, minmay_slime_entry_pillars,
          nicolae_volcano_entry_two_sided, serial_bayou_pond_a,
          grunt_megastairs_1

Skill      XL: |  1  2  3  4  5  6  7  8  9 10 11 12 13 |
---------------+----------------------------------------+-----
Stealth        | 10 11 12 | 12.8
Invocations    | 1 2 3 4 5 6 7 8 9 |  9.5
Long Blades    | 1 2 3 4 5 6 7 8 |  8.7
Axes           | 1 2 3 4 5 6 7 8 |  8.7
Maces & Flails | 1 2 3 4 5 6 7 8 |  8.7
Polearms       | 1 2 3 4 5 6 7 8 |  8.7
Staves         | 1 2 3 4 5 6 7 8 |  8.7
Slings         | 1 2 3 4 5 6 7 8 |  8.7
Bows           | 1 2 3 4 5 6 7 8 |  8.7
Crossbows      | 1 2 3 4 5 6 7 8 |  8.7
Throwing       | 1 2 3 4 5 6 7 8 |  8.7
Armour         | 1 2 3 4 5 6 7 8 |  8.7
Shields        | 1 2 3 4 5 6 7 8 |  8.7
Unarmed Combat | 1 2 3 4 5 6 7 8 |  8.7
Spellcasting   | 1 2 3 4 5 6 7 8 |  8.7
Evocations     | 1 2 3 4 5 6 7 8 |  8.7
Conjurations   | 1 2 3 4 5 6 7 |  7.2
Hexes          | 1 2 3 4 5 6 7 |  7.2
Summonings     | 1 2 3 4 5 6 7 |  7.2
Necromancy     | 1 2 3 4 5 6 7 |  7.2
Translocations | 1 2 3 4 5 6 7 |  7.2
Transmutations | 1 2 3 4 5 6 7 |  7.2
Fire Magic     | 1 2 3 4 5 6 7 |  7.2
Ice Magic      | 1 2 3 4 5 6 7 |  7.2
Air Magic      | 1 2 3 4 5 6 7 |  7.2
Earth Magic    | 1 2 3 4 5 6 7 |  7.2
Poison Magic   | 1 2 3 4 5 6 7 |  7.2
Short Blades   | 5 6 7 8 9 |  9.9
Dodging        | 5 6 7 8 9 |  9.9
Fighting       | 7 8 9 10 | 10.9

Action                   |  1- 3 |  4- 6 |  7- 9 | 10-12 | 13-15 || total
-------------------------+-------+-------+-------+-------+-------++-------
Melee: Short sword       |    34 |   152 |       |       |       ||   186
       Bite              |     4 |    35 |    69 |   108 |    70 ||   286
       Punch             |       |     9 |    24 |    25 |       ||    58
       Dagger            |       |   125 |   540 |   293 |       ||   958
       Quarterstaff      |       |       |       |   445 |   405 ||   850
Throw: Dart              |       |       |       |     6 |       ||     6
Invok: Curse Item        |       |     3 |     4 |     2 |     1 ||    10
       Shatter the Chain |       |       |     1 |     1 |     1 ||     3
Evoke: Wand              |     1 |       |       |     6 |     3 ||    10
       Phantom mirror    |       |       |       |       |     1 ||     1
  Use: Scroll            |       |       |     1 |       |     2 ||     3
       Potion            |       |       |       |     1 |     5 ||     6
 Stab: Sleeping          |     2 |    32 |    21 |    12 |    11 ||    78
       Distracted        |       |       |     1 |     5 |     1 ||     7
       Paralysed         |       |       |       |     2 |     1 ||     3
       Petrifying        |       |       |       |     1 |       ||     1
       Confused          |       |       |       |       |     1 ||     1
       Petrified         |       |       |       |       |     1 ||     1
Armor: Leather armour    |     5 |    32 |    78 |       |       ||   115
       Robe              |       |       |    19 |   151 |    41 ||   211
       Scale mail        |       |       |       |       |    90 ||    90
Dodge: Dodged            |    20 |   131 |   266 |   446 |   230 ||  1093
